 Dungeon Crawl Stone Soup version 0.28-a0-726-g4a9143789a (webtiles) character file.

Game seed: 13812467739412836566

88 cheechan the Ducker (level 4, -1/31 HPs)
             Began as an Octopode Fighter on Oct 27, 2021.
             Slain by Sigmund (11 damage)
             ... on level 2 of the Dungeon.
             The game lasted 00:03:46 (1003 turns).

cheechan the Ducker (Octopode Fighter)              Turns: 1003, Time: 00:03:47

Health: -1/31      AC:  1    Str: 16    XL:     4   Next: 54%
Magic:  4/4        EV: 13    Int: 10    God:
Gold:   54         SH:  4    Dex: 11    Spells: 3/3 levels left

rFire   . . .      SeeInvis .   a - +0 war axe
rCold   . . .      Faith    .   b - +0 buckler
rNeg    . . .      Spirit   .   (helmet restricted)
rPois   .          Reflect  .   (no amulet)
rElec   .          Harm     .   e - ring of willpower
rCorr   .          Rampage  .   (no ring)
Will    +....                   (no ring)
Stlth   +++.......              (no ring)
HPRegen 0.10/turn               (no ring)
MPRegen 0.09/turn               (no ring)
                                (no ring)
                                (no ring)

@: mighty
A: almost no armour, amphibious, 8 rings, camouflage 1, gelatinous body 1,
(nimble swimmer 1), tentacles
a: no special abilities


You were on level 2 of the Dungeon.
You visited 1 branch of the dungeon, and saw 2 of its levels.

You collected 54 gold pieces.

Inventory:

Hand Weapons
 a - a +0 war axe (weapon)
Missiles
 d - 2 boomerangs (quivered)
 g - 13 poisoned darts
Armour
 b - a +0 buckler (worn)
Jewellery
 e - a ring of willpower (left tentacle)
Potions
 c - 2 potions of might
 f - 2 potions of curing


   Skills:
 + Level 3.4 Fighting
 + Level 2.9 Axes
 + Level 1.1 Throwing
 + Level 3.5 Dodging
 + Level 1.4 Stealth
 + Level 3.3 Shields


You had 3 spell levels left.
You didn't know any spells.
Your spell library was empty.

Dungeon Overview and Level Annotations

Branches:
Dungeon (2/15)

Altars:

Annotations:
D:2 Sigmund


Innate Abilities, Weirdness & Mutations

You cannot wear most types of armour.
You are amphibious.
You can wear up to eight rings at the same time.
Your skin changes colour to match your surroundings (Stealth+).
Your rubbery body absorbs attacks. (AC +1, EV +1)
((You are camouflaged near water. (Stealth+)))
You have tentacles for arms and can constrict up to eight enemies at once.


Message History

Throw: 2 boomerangs
Press: ? - help, Q - select action, (/) - cycle Shift-Dir - straight line, f - Terence
Aim: Terence, wielding a +0 trident and wearing a +0 scale mail (60% to hit)
You throw a boomerang.
The boomerang hits Terence but does no damage.
Unknown command.
Terence barely misses you.
Sigmund the Dreaded comes into view.
He is wielding a +0 scythe.
Sigmund shouts!
You hit Terence. Your grab misses Terence.
Terence is lightly wounded.
Terence hits you with a +0 trident! x2
* * * LOW HITPOINT WARNING * * *
You hit Terence but do no damage. Your grab misses Terence.
You squeeze Terence.
Terence is moderately wounded.
You block Terence's attack.
You feel very mighty all of a sudden. The kobold closely misses you.
Terence closely misses you.
You slash Terence! Your grab misses Terence. Your squeeze misses Terence.
Terence is severely wounded.
You closely miss the kobold. You block the kobold's attack.
Terence barely misses you. The kobold hits you but does no damage.
Terence completely misses you.
You hit Terence but do no damage. Your grab misses Terence.
You squeeze Terence.
You kill Terence!
You closely miss the kobold. Sigmund misses you. The kobold closely misses you.
The kobold completely misses you.
Things that are here:
a +0 trident; a +0 scale mail; the human corpse of Terence You closely miss Sigmund.
You grab Sigmund. You hit the kobold.
You kill the kobold!
You constrict Sigmund.
Sigmund says, "Look into my eyes."
Sigmund barely misses you.
You slash Sigmund!
Sigmund is heavily wounded.
You constrict Sigmund. Sigmund hits you with a +0 scythe!
You die...

# ....### ......
..... #.#.###
#..### .......
.....# ##
#...#.#.#.##.# #.
#@..#.#.#.##.# #.
#@)##.#.#.##.## #.
#..##.#<......###.
#..##.#........##.
#.)..#..#.........
#.###.#........###
#.###.#.....#.....
####....###...####
##.### ##.## #....
..#


You could see Sigmund.

Vanquished Creatures
  Terence (D:2)
  2 worms (D:1)
  3 dart slugs (D:1)
  4 ball pythons (D:1)
  7 endoplasms (D:1)
  6 giant cockroaches (D:1)
  4 goblins
  A hobgoblin (D:1)
  3 jackals (D:1)
  3 quokkas (D:1)
  3 bats (D:1)
  4 kobolds
  6 rats (D:1)
47 creatures vanquished.

Vanquished Creatures (others)
  6 demonic plants (D:1)
  5 fungi (D:1)
  3 plants (D:1)
  4 withered plants (D:1)
18 creatures vanquished.

Grand Total: 65 creatures vanquished

Notes
Turn   | Place    | Note
-------+----------+-------------------------------------------
     0 | D:1      | cheechan the Octopode Fighter began the quest for the Orb.
     0 | D:1      | Reached XP level 1. HP: 16/16 MP: 1/1
     1 | D:1      | Found a runed translucent door.
    34 | D:1      | Reached XP level 2. HP: 3/21 MP: 2/2
    36 | D:1      | HP: 1/21 [ball python (2)]
   365 | D:1      | Found a faded altar of an unknown god.
   506 | D:1      | Reached XP level 3. HP: 23/26 MP: 3/3
   600 | D:1      | Reached skill level 1 in Stealth
   902 | D:1      | Reached skill level 1 in Throwing
   914 | D:1      | Reached XP level 4. HP: 23/31 MP: 4/4
   990 | D:2      | Noticed Terence
   995 | D:2      | Noticed Sigmund
  1000 | D:2      | Killed Terence
  1003 | D:2      | Slain by Sigmund

Illustrated notes

Levels and vault maps discovered:
D:1:      dpeg_arrival_caged_fury, layout_loops_ring,
          shapermc_ecumenical_altar_gd, minivault_19
D:2:      layout_loops_ring, minivault_4, chequers_serial_rivers_small_3,
          uniq_sigmund, uniq_terence

Skill      XL: |  1  2  3 |
---------------+----------+-----
Stealth        | 1 |  1.4
Throwing       | 1 |  1.1
Fighting       | |  3.4
Axes           | |  2.9
Dodging        | |  3.5
Shields        | |  3.3

Action                   |  1- 3 |  4- 6 || total
-------------------------+-------+-------++-------
Melee: War axe           |    60 |    11 ||    71
       Constrict         |    16 |     3 ||    19
       Tentacles         |    16 |     2 ||    18
Throw: Boomerang         |    19 |     1 ||    20
  Use: Scroll            |     1 |     1 ||     2
       Potion            |       |     1 ||     1
 Stab: Sleeping          |     2 |       ||     2
Armor: Skin              |     4 |     1 ||     5
Dodge: Dodged            |    48 |    12 ||    60
Block: Buckler           |    12 |     2 ||    14

Table legend: (Time is in decaauts)
 A = Elapsed time spent in this place.
 B = Non-inter-level travel time spent in this place.
 C = Inter-level travel time spent in this place.
 D = Time resting spent in this place.
 E = Time spent auto-exploring this place.
 F = Levels seen in this place.
 G = Mean time per level.
                   A        B        C        D        E       F      G
               +--------+--------+--------+--------+--------+-----+--------+
         Total |   1037 |   1037 |      0 |    268 |      0 |   2 |  518.5 |
       Dungeon |   1037 |   1037 |      0 |    268 |      0 |   2 |  518.5 |
               +--------+--------+--------+--------+--------+-----+--------+

Top non-repeatable levels by time:
     D:1: 971 daAuts
     D:2: 65 daAuts
